 Dungeon Crawl Stone Soup version 0.28.0-53-g5a82cb258f (webtiles) character file.

Game seed: 17477596249580790923

4 Zerkas the Skirmisher (level 1, -4/19 HPs)
             Began as a Draconian Berserker on July 15, 2022.
             Was a Follower of Trog.
             Slain by a worm (9 damage)
             ... on level 1 of the Dungeon on July 27, 2022.
             The game lasted 00:04:06 (246 turns).

Zerkas the Skirmisher (Draconian Berserker)          Turns: 246, Time: 00:04:07

Health: -4/19      AC:  4    Str: 19    XL:     1   Next: 50%
Magic:  1/1        EV: 13    Int:  7    God:    Trog [*.....]
Gold:   0          SH:  0    Dex: 16    Spells: 0/0 levels left

rFire   . . .      SeeInvis .   a - +0 mace
rCold   . . .      Faith    .   (no shield)
rNeg    . . .      Spirit   .   (armour unavailable)
rPois   .          Reflect  .   (helmet restricted)
rElec   .          Harm     .   (no cloak)
rCorr   .          Rampage  .   (no gloves)
Will    .....                   (no boots)
Stlth   +.........              (no amulet)
HPRegen 0.06/turn               b - +6 ring of dexterity
MPRegen 0.07/turn               (no ring)

@: no status effects
A: AC +4, unfitting armour, cold-blooded
a: Renounce Religion, Berserk


You were on level 1 of the Dungeon.
You worshipped Trog.
Trog was aware of your devotion.
You visited 1 branch of the dungeon, and saw 1 of its levels.

Inventory:

Hand Weapons
 a - a +0 mace (weapon)
 c - a +0 hand axe
 e - a +0 dagger
 f - a +0 club
Armour
 d - a +0 chain mail
 h - a +0 ring mail
Jewellery
 b - a +6 ring of dexterity (left hand)
Scrolls
 g - a scroll of blinking {unknown}


   Skills:
 + Level 3.4 Fighting
 + Level 3.0 Maces & Flails
 + Level 2.8 Dodging


You couldn't memorise any spells.
You didn't know any spells.
Your spell library was empty.

Dungeon Overview and Level Annotations

Branches:
Dungeon (1/15)

Altars:


Innate Abilities, Weirdness & Mutations

Your plain brown scales are hard. (AC +4)
You cannot fit into any form of body armour.
You are cold-blooded and may be slowed by cold attacks.


Message History

Things that are here:
a kobold corpse; a bat corpse
There are no objects that can be picked up here. a kobold corpse; a bat corpse
There are no objects that can be picked up here. a kobold corpse; a bat corpse
There are no objects that can be picked up here. a kobold corpse; a bat corpse
There are no objects that can be picked up here. a kobold corpse; a bat corpse
There are no objects that can be picked up here. a kobold corpse; a bat corpse You see here a rat corpse.
There are no objects that can be picked up here. a rat corpse Unknown command.
Okay, then.
g - a scroll labelled DITHRUM UDGHE UKLA You see here a +0 ring mail.
h - a +0 ring mail A worm comes into view.
A quokka comes into view.
Found a stone staircase leading down.
The worm closely misses you.
You completely miss the worm.
You tail-slap the worm, but do no damage.
The worm bites you.
You hit the worm.
The worm is lightly wounded.
The worm closely misses you.
You hit the worm.
The worm is moderately wounded.
You sock the worm!
The worm is severely wounded.
The worm bites you!
* * * LOW HITPOINT WARNING * * *
The quokka bites you but does no damage.
You hit the worm.
The worm is severely wounded.
The quokka closely misses you. The worm bites you!
You die...

............# ###
...........# #..
...........#
#..##.##.......###.#
#.....##.......##...
#...#.##.......##...
#..............##...
#.....##...........#
###@####.##..#.###..
#.rw# #......#.###.#
#...##
#.........##.# #....
#..###........
#....^ .
#..#......##.#
#......
..#.........††.#
#......
^.........#..###
......>
....###.......##
..#.......#.....


You could see a worm and a quokka.

Vanquished Creatures
  A goblin (D:1)
  A kobold (D:1)
  A bat (D:1)
  A rat (D:1)
4 creatures vanquished.

Notes
Turn   | Place    | Note
-------+----------+-------------------------------------------
     0 | D:1      | Zerkas the Draconian Berserker began the quest for the Orb.
     0 | D:1      | Reached XP level 1. HP: 19/19 MP: 1/1
   246 | D:1      | Slain by a worm

Illustrated notes

Levels and vault maps discovered:
D:1:      scummos_arrival_simple_crosswalls, layout_loops_cross,
          nicolae_wormholes

Action                   || total
-------------------------++-------
Melee: Mace              ||    12
       Tailslap          ||     2
Armor: Skin              ||     2
Dodge: Dodged            ||     6
